 Dungeon Crawl Stone Soup version 0.17.2-1-ge4368a0 (webtiles) character file.

412 Goblin1989 the Sneak (level 6, -3/32 HPs)
             Began as a Vine Stalker Chaos Knight on May 3, 2017.
             Slain by an orc
             ... wielding a +0 mace
              (5 damage)
             ... on level 5 of the Dungeon.
             The game lasted 00:12:00 (1440 turns).

Goblin1989 the Sneak (Vine Stalker Chaos Knight)    Turns: 1440, Time: 00:12:01

Health: -3/32      AC:  6    Str: 14    XL:     6   Next: 90%
Magic:  0/7        EV: 12    Int: 12    God:    Xom [....*.]
Gold:   55         SH:  0    Dex: 16    Spells: 0 memorised, 5 levels left

rFire  . . .     SeeInvis .     i - +0 dagger (drain)
rCold  . . .     Clarity  .     b - +3 leather armour
rNeg   . . .     SustAt   .     (no shield)
rPois  .         Gourm    .     (no helmet)
rElec  .         Spirit   +     (no cloak)
rCorr  .         Warding  .     (no gloves)
rMut   .         Stasis   .     (no boots)
MR     .....                    (no amulet)
Stlth  +++.......               o - ring of wizardry
                                y - +2 ring of slaying

@: drained, not resistant to hostile enchantments, fairly stealthy
A: fangs 2, regeneration 2, magic shield, antimagic bite, no device heal 3, rot
immunity
a: Renounce Religion


You were on level 5 of the Dungeon.
You worshipped Xom.
You were a beloved toy of Xom.
You were near starving.

You visited 1 branch of the dungeon, and saw 6 of its levels.

You collected 175 gold pieces.
You spent 120 gold pieces at shops.

Inventory:

Hand Weapons
 a - a +0 short sword of chaos
 i - a +0 dagger of draining (weapon)
 n - a +0 rapier
Armour
 b - a +3 leather armour (worn)
 r - the +3 leather armour "Ippyeps" {rElec rN+, unknown}
   (You found it on level 6 of the Dungeon)

   It insulates you from electricity.
   It protects you from negative energy.
Jewellery
 o - a ring of wizardry (right hand)
 y - a +2 ring of slaying (left hand)
Scrolls
 g - 2 scrolls of teleportation {unknown}
 j - 2 scrolls of remove curse {@r2}
 M - a scroll of magic mapping
 R - 3 scrolls of identify {@r1}
Potions
 c - a potion of cure mutation {unknown}
 d - 2 potions of brilliance {unknown}
 h - a potion of degeneration {unknown}
 k - 3 potions of curing {@q1}
 l - a potion of agility {unknown}
 q - a potion of poison {unknown}
 s - a potion of might
 t - a potion of flight
 u - a potion of lignification
Comestibles
 e - 5 bread rations {@e1}
 f - 3 meat rations {@e2}
 m - 3 fruits
 p - 2 beef jerkies


   Skills:
 + Level 3.6(3.4) Fighting
 * Level 4.1(4.0) Short Blades
 - Level 1.5(1.4) Armour
 + Level 1.7(1.6) Dodging
 + Level 6.1(5.9) Stealth


You had 5 spell levels left.
You didn't know any spells.

Dungeon Overview and Level Annotations

Branches:
Dungeon (6/15)
 Temple: D:4-7

Altars:
Qazlal
Sif Muna

Shops:
D:6 !


Innate Abilities, Weirdness & Mutations

You have extremely sharp teeth.
You heal very quickly.
When hurt, damage is shared between your health and your magic reserves.
Your bite disrupts and absorbs the magic of your enemies.
Potions and wands cannot restore your health.
You are immune to rotting.


Message History

You see here a flail.
A hound comes into view.
Health restored: 28
r - a transparent leather armour "Let's go for a ride!"
Your surroundings suddenly seem different.
Unknown command.
MP restored: 6 You now have 161 gold pieces (gained 10).
There are no items here.
Found Voido's Distillery.
You feel as though Xom is toying with you.
Suddenly, the walls become transparent!
The jelly quivers.
You open the door. You hit the jelly. You drain the jelly!
Your hands burn!
You bite the jelly. You drain its power.
You feel invigorated.
The jelly is severely wounded.
You take 1 damage, and have 27/28 hp.
You hit the jelly.
Your hands burn!
You bite the jelly. You drain its power.
You feel invigorated.
You kill the jelly!
You take 4 damage, and have 23/28 hp.
There is an open door here.
There is an entrance to Voido's Distillery here.
s - a potion of might;
t - a potion of flight;
u - a potion of lignification Thank you for shopping at Voido's Distillery!
You don't know any spells.
Press: ? - help, v - describe, . - travel, g - get item 13 gold pieces.
The floor.
A phantom comes into view.
You barely miss the phantom. You bite the phantom.
The phantom's magic leaks into the air.
You drain its magic.
The phantom is lightly damaged.
The phantom hits you.
The phantom blinks!
You take 3 damage, and have 23/28 hp.
You now have 5/6 mp.
You now have 55 gold pieces (gained 14).
There are no items here.
The phantom blinks!
Found a stone staircase leading up.
f - 3 meat rations {@e2} (gained 1) MP restored: 6
There are no items here.
There is a stone staircase leading up here.
You closely miss the phantom. The phantom hits you!
You take 7 damage, and have 20/28 hp.
MASSIVE DAMAGE!!
You now have 4/6 mp.
You hit the phantom.
The phantom is lightly damaged.
The phantom hits you.
You take 4 damage, and have 16/28 hp.
You hit the phantom but do no damage. Your bite misses the phantom.
The phantom is lightly damaged.
The phantom closely misses you.
You closely miss the phantom.
The phantom is lightly damaged.
The phantom hits you but does no damage.
You hit the phantom but do no damage. Your bite misses the phantom.
The phantom is lightly damaged.
The phantom hits you!
* * * LOW HITPOINT WARNING * * *
You take 7 damage, and have 9/28 hp.
MASSIVE DAMAGE!!
You now have 3/6 mp.
You barely miss the phantom. You bite the phantom, but do no damage.
The phantom is lightly damaged.
You barely miss the phantom. Your bite misses the phantom.
The phantom is lightly damaged.
The phantom misses you.
You barely miss the phantom. You bite the phantom.
The phantom's magic leaks into the air.
You drain its magic.
You feel invigorated.
The phantom is lightly damaged.
The phantom blinks!
You climb upwards.
Marking area around Prince Ribbit as unsafe for travelling.
An iguana, an orc and Prince Ribbit come into view.
There is a stone staircase leading down here.
The iguana hisses angrily.
The helpless Prince Ribbit fails to defend himself.
You impale Prince Ribbit!! You drain Prince Ribbit!
Prince Ribbit is almost dead.
The orc shouts!
Prince Ribbit closely misses you. Prince Ribbit hits you!
* * * LOW HITPOINT WARNING * * *
A shower of butterflies erupts from you!
You take 7 damage, and have 4/28 hp.
MASSIVE DAMAGE!!
You now have 2/6 mp.
You hit Prince Ribbit.
You kill Prince Ribbit!
Prince Ribbit returns to his original shape as he dies.
Your base Short Blades skill increases to level 4!
Your base Stealth skill increases to level 6!
You have reached level 6!
Your experience leads to an increase in your attributes!
Increase (S)trength, (I)ntelligence, or (D)exterity?
You feel agile.
You begin to heal more quickly.
Xom is interested.
The iguana bites you.
* * * LOW HITPOINT WARNING * * *
The orc hits you with a mace.
You die...

. █..
███████████..
█.......b..██
███...b.b.†...██
.........@ob...█
█......b.l....█
█.....>b.......█
.................
.................
.................
.................
.................
█...............


You could see an iguana and an orc.

Vanquished Creatures
  Prince Ribbit (D:5)
  A jelly (D:6)
  Ijyb (D:2)
  A giant frog zombie (D:6)
  Natasha (D:2)
  A hound skeleton (D:6)
  6 adders
  3 orcs
  4 giant cockroaches
  4 hobgoblins
  3 jackals (D:1)
  2 quokkas
  4 bats
  A giant gecko (D:6)
  7 giant newts
  5 kobolds
  2 rats
47 creatures vanquished.

Notes
Turn   | Place    | Note
--------------------------------------------------------------
     0 | D:1      | Goblin1989 the Vine Stalker Chaos Knight began the quest for the Orb.
     0 | D:1      | Reached XP level 1. HP: 11/11 MP: 2/2
    76 | D:1      | Reached skill level 1 in Stealth
   128 | D:1      | XOM: potion effect (brilliance)
   201 | D:2      | Reached XP level 2. HP: 16/16 MP: 3/3
   205 | D:2      | Noticed Ijyb
   230 | D:2      | Killed Ijyb
   230 | D:2      | Reached skill level 4 in Stealth
   230 | D:2      | Reached XP level 3. HP: 17/19 MP: 4/4
   377 | D:2      | Noticed Natasha
   386 | D:2      | Killed Natasha
   386 | D:2      | Reached skill level 5 in Stealth
   386 | D:2      | Reached XP level 4. HP: 21/23 MP: 5/5
   501 | D:2      | Found a deep blue altar of Sif Muna.
   651 | D:3      | Noticed a phantom
   811 | D:3      | XOM: divination: magic mapping
   815 | D:3      | XOM: 2-stop teleportation journey
   957 | D:3      | XOM: vitrification
  1139 | D:5      | Entered Level 5 of the Dungeon
  1177 | D:5      | Found a stormy altar of Qazlal.
  1225 | D:5      | Reached skill level 1 in Dodging
  1225 | D:5      | Reached XP level 5. HP: 28/28 MP: 6/6
  1378 | D:6      | Got a transparent leather armour
  1378 | D:6      | XOM: 1-stop teleportation journey
  1387 | D:6      | Found Voido's Distillery.
  1408 | D:6      | Bought a potion of might for 48 gold pieces
  1408 | D:6      | Bought a potion of flight for 36 gold pieces
  1408 | D:6      | Bought a potion of lignification for 36 gold pieces
  1409 | D:6      | Noticed a phantom
  1436 | D:5      | Noticed Prince Ribbit
  1439 | D:5      | XOM: butterfly on damage
  1440 | D:5      | Killed Prince Ribbit
  1440 | D:5      | Reached skill level 6 in Stealth
  1440 | D:5      | Gained mutation: You heal very quickly. [Vine Stalker growth]
  1440 | D:5      | Reached XP level 6. HP: 4/32 MP: 2/7
  1440 | D:5      | Slain by an orc

Action                   |  1- 3 |  4- 6 || total
-------------------------+-------+-------++-------
Melee: Short sword       |    44 |       ||    44
       Dagger            |    19 |    94 ||   113
  Use: Scroll            |       |     6 ||     6
 Stab: Sleeping          |     1 |     7 ||     8
       Petrified         |     2 |       ||     2

Vault maps used:
D:1:      minmay_arrival_glassed_features
D:2:      lemuel_blue_sif_altar, first_bread, uniq_iyjb, uniq_natasha
D:3:      lemuel_old_faithful
D:4:      trog_eyes_of_draining, kennysheep_crisscross
D:5:      slow_altar_1, makhleb_grotto_becter, lemuel_doored_altar,
          uniq_sigmund, uniq_menkaure, uniq_prince_ribbit1
D:6:      hangedman_cross_stitches, kiku_gazebo_pond_becter,
          nemelex_xobeh_ov_fountains_minmay, serial_co_window_serial,
          co_window_paths_b, co_window_of_opportunity_a, co_window_paths_b,
          co_window_paths_a, co_window_corner_a, co_window_cross_2,
          co_window_unsneaky_path_d, co_window_of_opportunity_c,
          glass_columns_b, glass_columns_a, glass_columns_a, serial_shops, shop,
          nicolae_water_bricks, dk_xom_monty_hall
